AoeStats
← feely

Fortress

509128437Analyzed
4v4 RM · 7d ago on Sep 25, 2026· 40m 33s· 8 players
Game mode
Random Map
Map size
Huge
Population
200
Speed
Normal
Resources
Standard
Victory
Conquest
Starting age
Dark Age
Ending age
Imperial Age
RankedLock teamsTeams togetherTeam positionsShared explorationLock speedFull tech treeHidden civsTurbo modeCheats
Victory
Defeat
🇦🇷 Magyars · Argentina
1490
+14
🇭🇰 Japanese · Hong Kong SAR China
1478
+14
🇹🇼 Persians · Taiwan
1466
+15
🇨🇳 Shu · China
1378
+17
🇬🇧 Malians · United Kingdom
1487
-17
🇦🇷 Slavs · Argentina
1461
-16
🇩🇪 Saxons · Germany
1413
-14
🇧🇷 Hindustanis · Brazil
1387
-13
survivorsteven
7:12 Feudal Age
8:01 Double-Bit Axe
11:12 Castle Age
9:58 Scale Mail Armor
9:55 Gold Mining
9:50 Horse Collar
14:40 Town Watch
17:57 Scale Mail Armor
19:28 Loom
20:57 Chain Mail Armor
21:37 Forging
25:25 Wheelbarrow
26:55 Arson
27:12 Squires
26:58 Arson
28:06 Hand Cart
29:58 Iron Casting
29:27 Heavy Plow
29:34 Stone Mining
33:23 Imperial Age
32:57 Gold Shaft Mining
34:19 Bow Saw
34:42 Plate Mail Armor
34:34 Conscription
33:35 Elite Samurai
35:48 Blast Furnace
37:17 Kataparuto
39:15 Fletching
feely
7:20 Feudal Age
7:52 Loom
8:15 Double-Bit Axe
11:31 Castle Age
9:37 Horse Collar
11:04 Gold Mining
11:25 Loom
12:34 Bow Saw
14:04 Wheelbarrow
17:48 Town Watch
21:07 Scale Barding Armor
22:41 Hand Cart
23:51 Chain Barding Armor
26:52 Imperial Age
25:12 Heavy Plow
25:51 Forging
25:42 Husbandry
26:31 Stone Mining
27:16 Bloodlines
27:35 Conscription
28:02 Elite War Elephant
31:54 Plate Barding Armor
33:34 Iron Casting
35:09 Gold Shaft Mining
36:12 Blast Furnace
36:04 Devotion
36:38 Citadels
37:13 Light Cavalry
39:00 Two-Man Saw
T - T
7:21 Feudal Age
11:21 Castle Age
10:17 Double-Bit Axe
15:08 Loom
16:42 Fletching
24:15 Wheelbarrow
28:07 Imperial Age
26:07 Thumb Ring
25:22 Crossbowman
26:37 Crossbowman
27:20 Horse Collar
30:37 Conscription
30:02 Arbalester
Chim cu đi tắm
7:18 Feudal Age
11:16 Castle Age
9:41 Horse Collar
10:58 Double-Bit Axe
12:57 Bow Saw
13:49 Heavy Plow
15:53 Loom
17:06 Corvinian Army
18:20 Scale Barding Armor
23:34 Wheelbarrow
23:11 Bloodlines
25:58 Hand Cart
30:22 Imperial Age
28:41 Fletching
29:31 Chain Barding Armor
29:58 Husbandry
31:46 Plate Barding Armor
31:02 Cavalier
32:45 Two-Man Saw
32:19 Crop Rotation
32:22 Gold Mining
32:58 Conscription
36:52 Gold Shaft Mining
35:55 Paladin
36:48 Elite Magyar Huszar
38:00 Stone Mining
39:07 Fletching
39:43 Parthian Tactics
38:40 Heavy Cavalry Archer
39:26 Thumb Ring
39:33 Recurve Bow
39:47 Bodkin Arrow
39:53 Padded Archer Armor
40:30 Bracer
Ash
8:32 Feudal Age
8:33 Loom
10:01 Horse Collar
12:32 Castle Age
10:47 Double-Bit Axe
11:57 Man-at-Arms
12:24 Arson
12:43 Scale Mail Armor
12:42 Long Swordsman
14:35 Chain Mail Armor
16:51 Pikeman
Kempinho
7:22 Feudal Age
8:38 Double-Bit Axe
11:24 Castle Age
9:17 Horse Collar
11:17 Loom
12:47 Bow Saw
12:38 Heavy Plow
15:07 Loom
18:20 Wheelbarrow
18:41 Gold Mining
18:52 Stone Mining
20:21 Hand Cart
24:46 Imperial Age
22:42 Scale Mail Armor
22:45 Squires
22:31 Arson
23:40 Chain Mail Armor
23:35 Forging
25:09 Town Watch
24:48 Capped Ram
26:06 Iron Casting
24:58 Elite Varangian Guard
26:28 Siege Ram
28:40 Plate Mail Armor
28:13 Shield Wall
29:43 Fletching
30:08 Fortified Wall
30:09 Masonry
31:10 Bodkin Arrow
31:37 Conscription
31:38 Caravan
34:27 Pikeman
35:44 Coinage
36:30 Two-Man Saw
36:01 Crop Rotation
Karzul
7:08 Feudal Age
11:13 Castle Age
9:19 Double-Bit Axe
9:27 Horse Collar
12:31 Bow Saw
12:52 Scale Mail Armor
18:09 Chain Mail Armor
18:50 Loom
20:02 Wheelbarrow
21:44 Hand Cart
25:36 Imperial Age
22:59 Fletching
23:09 Padded Archer Armor
23:57 Stone Mining
24:09 Grand Trunk Road
25:20 Elite Skirmisher
26:09 Bodkin Arrow
26:30 Leather Archer Armor
27:45 Chemistry
26:47 Town Watch
28:32 Conscription
29:29 Ballistics
30:49 Shatagni
33:13 Scale Barding Armor
33:55 Forging
33:54 Bracer
34:17 Chain Barding Armor
35:17 Bloodlines
35:10 Husbandry
34:31 Heavy Camel Rider
35:47 Iron Casting
37:02 Plate Barding Armor
39:20 Blast Furnace
NicoRespeto
8:13 Feudal Age
11:52 Castle Age
9:51 Horse Collar
10:13 Double-Bit Axe
10:32 Loom
10:43 Gold Mining
13:48 Wheelbarrow
14:11 Bow Saw
14:59 Wheelbarrow
18:10 Heavy Plow
20:18 Hand Cart
22:46 Loom
31:00 Scale Barding Armor
35:28 Scale Barding Armor
37:04 Forging
37:33 Fortified Wall
40:46 Imperial Age
40:54 Imperial Age
40:01 Chain Barding Armor
39:33 Fletching
41:06 Iron Casting
Connection lost

Rejoining the realm…

Still unreachable

The connection could not be restored.

Session expired

The server has moved on; the page needs a fresh start.